 Dungeon Crawl Stone Soup version 0.25.1-2-g60ff931df9 (webtiles) character file.

Game seed: 3188625682558148985

4962 funkygono the Destroyer (level 10, -2/74 HPs)
             Began as a Gnoll Conjurer on Oct 5, 2020.
             Was a Priest of Okawaru.
             Impaled on a porcupine's spines (11 damage)
             ... on level 8 of the Dungeon.
             The game lasted 00:21:05 (8680 turns).

funkygono the Destroyer (Gnoll Conjurer)            Turns: 8680, Time: 00:21:06

Health: -2/74      AC: 12    Str: 13    XL:     10   Next: 53%
Magic:  5/21       EV: 16    Int: 19    God:    Okawaru [***...]
Gold:   329        SH:  5    Dex: 15    Spells: 14/23 levels left

rFire    . . .     SeeInvis .   j - +6 dagger
rCold    + . .     Gourm    .   (no shield)
rNeg     . . .     Faith    .   w - +1 leather armour {rF+}
rPois    +         Spirit   .   (no helmet)
rElec    .         Reflect  +   u - +0 cloak
rCorr    .         Harm     .   (no gloves)
MR       .....                  s - +1 pair of boots
Stlth    +++.......             b - amulet of reflection
HPRegen  0.22/turn              r - ring of ice
MPRegen  0.17/turn              (no ring)

@: mighty
A: distributed training, claws 1, fangs 1, molten scales 1, slimy green scales
1, poison resistance, strong nose
a: Heroism, Renounce Religion


You were on level 8 of the Dungeon.
You worshipped Okawaru.
Okawaru was most pleased with you.
You were not hungry.

You visited 2 branches of the dungeon, and saw 9 of its levels.

You collected 329 gold pieces.

Inventory:

Hand Weapons
 g - a +3 quarterstaff of chaos
 i - a cursed +4 flail of freezing
 j - a +6 dagger (weapon)
 n - a +5 club
 o - a +4 short sword
 p - a +4 scimitar
 v - a cursed -2 mace
 J - a +4 dagger of distortion
Missiles
 h - 255 stones (quivered)
Armour
 a - a +0 robe
 e - a +0 plate armour
 s - a +1 pair of boots (worn)
 u - a +0 cloak (worn)
 w - a +1 leather armour of fire resistance (worn)
 H - a +0 plate armour of poison resistance
Magical Staves
 q - an uncursed staff of cold
Jewellery
 b - an amulet of reflection (around neck)
 r - a ring of ice (left claw)
Wands
 m - a wand of iceblast (18)
 t - a wand of polymorph (7)
 y - a wand of random effects (13)
 B - a wand of digging (2)
Scrolls
 f - 4 scrolls of remove curse
 k - a scroll of amnesia
 x - a scroll of blinking
 C - a scroll of magic mapping
 D - a scroll of identify
 G - a scroll of fog
 I - a scroll of teleportation
Potions
 d - 2 potions of brilliance
 l - a potion of might
 A - a potion of curing
 E - a potion of lignification
 F - a potion of haste
Comestibles
 c - 11 rations
 z - 9 chunks of flesh


   Skills:
 + Level 5.2 Fighting
 + Level 5.2 Short Blades
 + Level 5.2 Long Blades
 + Level 5.2 Axes
 + Level 5.2 Maces & Flails
 + Level 5.2 Polearms
 + Level 5.2 Staves
 + Level 5.2 Slings
 + Level 5.2 Bows
 + Level 5.2 Crossbows
 + Level 5.2 Throwing
 + Level 5.2 Armour
 + Level 7.1 Dodging
 + Level 6.8 Stealth
 + Level 5.2 Shields
 + Level 5.2 Unarmed Combat
 + Level 7.3 Spellcasting
 + Level 8.4 Conjurations
 + Level 4.3 Hexes
 + Level 4.3 Charms
 + Level 4.3 Summonings
 + Level 4.3 Necromancy
 + Level 4.3 Translocations
 + Level 4.3 Transmutations
 + Level 4.3 Fire Magic
 + Level 4.3 Ice Magic
 + Level 4.3 Air Magic
 + Level 4.3 Earth Magic
 + Level 4.3 Poison Magic
 + Level 5.8 Invocations
 + Level 5.2 Evocations


You had 14 spell levels left.
You knew the following spells:

 Your Spells              Type           Power        Failure   Level  Hunger
a - Magic Dart            Conj           ####         1%          1    None
b - Searing Ray           Conj           #####.       1%          2    None
c - Mephitic Cloud        Conj/Pois/Air  ####....     3%          3    #......
d - Dazzling Flash        Conj/Hex       ####..       2%          3    #......

Your spell library contained the following spells:

 Spells                   Type           Power        Failure   Level  Hunger
 Conjure Flame            Conj/Fire      ####....     2%          3    #......
 Blink                    Tloc           N/A          3%          2    None
 Call Imp                 Summ           ###.....     3%          2    None
 Slow                     Hex            ###.....     3%          2    None
 Recall                   Summ/Tloc      N/A          6%          3    #......
 Fulminant Prism          Conj/Hex       ####......   9%          4    ###....
 Iskenderun's Mystic Bla  Conj/Tloc      ####....     9%          4    ###....
 Aura of Abjuration       Summ           ###.......   50%         5    #####..
 Summon Demon             Summ           ###.......   50%         5    #####..
 Summon Forest            Summ/Tloc      ###.......   50%         5    #####..
 Summon Mana Viper        Hex/Summ       ###.....     50%         5    #####..
 Shadow Creatures         Summ           N/A          97%         6    ######.


Dungeon Overview and Level Annotations

Branches:
Dungeon (8/15)             Temple (1/1) D:6
   Lair: D:8-11

Altars:
Cheibriados
Dithmenos
Elyvilon
Fedhas
Gozag
Hepliaklqana
Kikubaaqudgha
Makhleb
Nemelex Xobeh
Okawaru
Qazlal
Sif Muna
Uskayaw
Vehumet
Wu Jian
Yredelemnul


Innate Abilities, Weirdness & Mutations

Your experience applies equally to all skills.
You have very sharp teeth.
Your uncanny sense of smell can sniff out nearby items.
You have sharp fingernails.
You are partially covered in molten scales. (AC +2)
You are partially covered in slimy green scales. (AC +2)
Your system is resistant to poisons. (rPois)


Message History

* * * LOW HITPOINT WARNING * * *
You hit the porcupine.
The porcupine is moderately wounded.
The porcupine barely misses you.
You closely miss the porcupine.
The porcupine is moderately wounded.
The porcupine closely misses you.
You hit the porcupine.
You bite the porcupine, but do no damage.
The porcupine is severely wounded.
The porcupine bites you.
* * * LOW HITPOINT WARNING * * *
You feel very mighty all of a sudden.
The porcupine bites you but does no damage.
An orc warrior comes into view. It is wielding a +0 morningstar.
You miss the porcupine.
The porcupine is severely wounded.
The porcupine bites you but does no damage.
You are struck by the porcupine's spines.
You die...

..Y....#
####.....#
#....r..# #.#
#..#
#.##.o######
###
#.#.........
..#
##รท>.#######
#.###rY###
#.#@#.#######
#.##[.......
#.##########
#..<..#
#####.#
#.########
#.........
##########


You could see a yak, an orc warrior (wandering) and a porcupine.

Vanquished Creatures
  A gargoyle (D:5)
  Psyche (D:8)
  The ghost of ZZKoverts the Bolt Thrower, an amateur KoHu (D:3)
  5 yaks (D:8)
  Eustachio (D:4)
  Duvessa (D:7)
  An orc warrior (D:6)
  2 porcupines (D:8)
  3 phantoms
  2 centaurs
  3 ogres
  2 necrophages
  A crocodile (D:8)
  2 bullfrogs (D:7)
  Dowan (D:7)
  A wyvern zombie (D:7)
  A water moccasin skeleton (D:7)
  4 scorpions
  5 wights (D:7)
  A howler monkey (D:4)
  2 crimson imps
  A bullfrog zombie (D:7)
  7 hounds
  3 jellies
  A centaur skeleton (D:6)
  2 orc priests
  2 gnoll shamans
  2 iguanas
  9 orc wizards
  Crazy Yiuf (D:3)
  Ijyb (D:5)
  7 worker ants
  2 hound skeletons
  4 adders
  16 gnolls
  3 shadow imps
  An ooze (D:1)
  An adder skeleton (D:4)
  2 worms (D:3)
  2 dart slugs
  6 leopard geckos
  7 orcs (D:6)
  10 bats
  4 giant cockroaches
  7 goblins
  5 hobgoblins
  8 jackals
  3 quokkas
  3 ball pythons
  4 frilled lizards
  8 kobolds
  2 quokka skeletons (D:5)
  A quokka zombie (D:6)
  7 rats
183 creatures vanquished.

Vanquished Creatures (others)
  A bush (D:8)
  5 fungi (D:8)
  6 plants (D:8)
12 creatures vanquished.

Grand Total: 195 creatures vanquished

Notes
Turn   | Place    | Note
-------+----------+-------------------------------------------
     0 | D:1      | funkygono the Gnoll Conjurer began the quest for the Orb.
     0 | D:1      | Reached XP level 1. HP: 13/13 MP: 6/6
   223 | D:1      | Reached XP level 2. HP: 15/19 MP: 5/7
   437 | D:1      | Learned a level 2 spell: Searing Ray
   604 | D:1      | Reached XP level 3. HP: 25/25 MP: 5/9
   676 | D:1      | Reached skill level 5 in Spellcasting
  1155 | D:2      | Reached skill level 1 in Fighting
  1155 | D:2      | Reached skill level 1 in Short Blades
  1155 | D:2      | Reached skill level 1 in Long Blades
  1155 | D:2      | Reached skill level 1 in Axes
  1155 | D:2      | Reached skill level 1 in Maces & Flails
  1155 | D:2      | Reached skill level 1 in Polearms
  1155 | D:2      | Reached skill level 1 in Staves
  1155 | D:2      | Reached skill level 1 in Slings
  1155 | D:2      | Reached skill level 1 in Bows
  1155 | D:2      | Reached skill level 1 in Crossbows
  1155 | D:2      | Reached skill level 1 in Throwing
  1155 | D:2      | Reached skill level 1 in Armour
  1155 | D:2      | Reached skill level 1 in Shields
  1155 | D:2      | Reached skill level 1 in Unarmed Combat
  1155 | D:2      | Reached skill level 1 in Invocations
  1155 | D:2      | Reached skill level 1 in Evocations
  1155 | D:2      | Reached XP level 4. HP: 32/32 MP: 4/11
  1688 | D:3      | Found a runed translucent door.
  1688 | D:3      | Noticed ZZKoverts's ghost (amateur KoHu)
  1705 | D:3      | Killed ZZKoverts's ghost
  1705 | D:3      | Reached skill level 1 in Hexes
  1705 | D:3      | Reached skill level 1 in Charms
  1705 | D:3      | Reached skill level 1 in Summonings
  1705 | D:3      | Reached skill level 1 in Necromancy
  1705 | D:3      | Reached skill level 1 in Translocations
  1705 | D:3      | Reached skill level 1 in Transmutations
  1705 | D:3      | Reached skill level 1 in Fire Magic
  1705 | D:3      | Reached skill level 1 in Ice Magic
  1705 | D:3      | Reached skill level 1 in Air Magic
  1705 | D:3      | Reached skill level 1 in Earth Magic
  1705 | D:3      | Reached skill level 1 in Poison Magic
  1705 | D:3      | Reached XP level 5. HP: 6/38 MP: 5/12
  1705 | D:3      | Reached XP level 6. HP: 7/44 MP: 5/13
  2431 | D:3      | Found a runed translucent door.
  2432 | D:3      | Noticed Crazy Yiuf
  2438 | D:3      | Killed Crazy Yiuf
  2601 | D:3      | Reached skill level 5 in Dodging
  3139 | D:4      | Noticed Eustachio
  3154 | D:4      | Killed Eustachio
  3154 | D:4      | Reached XP level 7. HP: 37/50 MP: 7/15
  3490 | D:4      | Found a hide-covered altar of Uskayaw.
  3670 | D:5      | Entered Level 5 of the Dungeon
  3851 | D:5      | Reached skill level 5 in Stealth
  4020 | D:5      | Reached XP level 8. HP: 42/57 MP: 11/16
  4225 | D:5      | Noticed a gargoyle
  4234 | D:5      | HP: 2/58 [gargoyle/+0 flail (11)]
  4255 | D:5      | Gained mutation: Your system is resistant to poisons.
                  | (rPois) [potion of mutation]
  4255 | D:5      | Gained mutation: You are partially covered in slimy green
                  | scales. (AC +2) [potion of mutation]
  4255 | D:5      | Gained mutation: You have sharp fingernails. [potion of
                  | mutation]
  4255 | D:5      | Gained mutation: You are partially covered in molten
                  | scales. (AC +2) [potion of mutation]
  4644 | D:5      | Killed a gargoyle
  5125 | D:5      | Noticed Ijyb
  5131 | D:5      | Killed Ijyb
  5413 | D:6      | Found a burning altar of Makhleb.
  5587 | D:6      | Reached XP level 9. HP: 64/65 MP: 6/18
  6152 | D:6      | Found a shimmering blue altar of Sif Muna.
  6154 | D:6      | Found a staircase to the Ecumenical Temple.
  6363 | Temple   | Entered the Ecumenical Temple
  6376 | Temple   | Became a worshipper of Warmaster Okawaru
  6491 | D:6      | Learned a level 3 spell: Mephitic Cloud
  6959 | D:7      | Reached skill level 8 in Conjurations
  7026 | D:7      | Reached * piety under Okawaru
  7175 | D:7      | Noticed Duvessa
  7177 | D:7      | Noticed Dowan
  7192 | D:7      | Killed Duvessa
  7204 | D:7      | Killed Dowan
  7390 | D:7      | Reached skill level 5 in Invocations
  7399 | D:7      | Reached ** piety under Okawaru
  7799 | D:7      | Reached XP level 10. HP: 73/73 MP: 9/20
  8259 | D:7      | Found a snail-covered altar of Cheibriados.
  8260 | D:7      | Found a white marble altar of Elyvilon.
  8263 | D:7      | Found a stormy altar of Qazlal.
  8265 | D:7      | Found an ornate altar of the Wu Jian Council.
  8344 | D:7      | Learned a level 3 spell: Dazzling Flash
  8500 | D:8      | Noticed Psyche
  8512 | D:8      | Reached skill level 5 in Fighting
  8512 | D:8      | Reached skill level 5 in Short Blades
  8512 | D:8      | Reached skill level 5 in Long Blades
  8512 | D:8      | Reached skill level 5 in Axes
  8512 | D:8      | Reached skill level 5 in Maces & Flails
  8512 | D:8      | Reached skill level 5 in Polearms
  8512 | D:8      | Reached skill level 5 in Staves
  8512 | D:8      | Reached skill level 5 in Slings
  8512 | D:8      | Reached skill level 5 in Bows
  8512 | D:8      | Reached skill level 5 in Crossbows
  8512 | D:8      | Reached skill level 5 in Throwing
  8512 | D:8      | Reached skill level 5 in Armour
  8512 | D:8      | Reached skill level 5 in Shields
  8512 | D:8      | Reached skill level 5 in Unarmed Combat
  8512 | D:8      | Reached skill level 5 in Evocations
  8523 | D:8      | Killed Psyche
  8642 | D:8      | Reached *** piety under Okawaru
  8680 | D:8      | Impaled on a porcupine's spines

Illustrated notes

Levels and vault maps discovered:
D:1:      shiori_arrival_maze, layout_basic
D:2:      kennysheep_big_flooded_room, layout_loops_cross
D:3:      layout_loops_ring, ebering_ghost_reflecting_pool, first_ration,
          uniq_crazy_yiuf_cottage
D:4:      layout_rooms, overflow_temple_1_default, uniq_eustachio
D:5:      layout_basic, uniq_ijyb
D:6:      layout_loops_corners, minmay_temple_entry_offerings, basic_altar,
          makhleb_blood_cavern_becter
D:7:      minmay_blocky_corners, layout_basic, minitemple, uniq_duvessa
D:8:      layout_loops_ring, lemuel_coloured_pillars_altar,
          minmay_lair_entry_grove, basic_altar, david_nohive_1, uniq_psyche
Temple:   eino_temple_rhombus

Skill      XL: |  1  2  3  4  5  6  7  8  9 10 |
---------------+-------------------------------+-----
Spellcasting   | 5 6 7 |  7.3
Fighting       | 1 2 3 4 5 |  5.2
Short Blades   | 1 2 3 4 5 |  5.2
Long Blades    | 1 2 3 4 5 |  5.2
Axes           | 1 2 3 4 5 |  5.2
Maces & Flails | 1 2 3 4 5 |  5.2
Polearms       | 1 2 3 4 5 |  5.2
Staves         | 1 2 3 4 5 |  5.2
Slings         | 1 2 3 4 5 |  5.2
Bows           | 1 2 3 4 5 |  5.2
Crossbows      | 1 2 3 4 5 |  5.2
Throwing       | 1 2 3 4 5 |  5.2
Armour         | 1 2 3 4 5 |  5.2
Shields        | 1 2 3 4 5 |  5.2
Unarmed Combat | 1 2 3 4 5 |  5.2
Invocations    | 1 2 3 4 5 |  5.8
Evocations     | 1 2 3 4 5 |  5.2
Hexes          | 1 2 3 4 |  4.3
Charms         | 1 2 3 4 |  4.3
Summonings     | 1 2 3 4 |  4.3
Necromancy     | 1 2 3 4 |  4.3
Translocations | 1 2 3 4 |  4.3
Transmutations | 1 2 3 4 |  4.3
Fire Magic     | 1 2 3 4 |  4.3
Ice Magic      | 1 2 3 4 |  4.3
Air Magic      | 1 2 3 4 |  4.3
Earth Magic    | 1 2 3 4 |  4.3
Poison Magic   | 1 2 3 4 |  4.3
Dodging        | 5 6 7 |  7.1
Stealth        | 5 6 |  6.8
Conjurations   | 8 |  8.4

Action                   |  1- 3 |  4- 6 |  7- 9 | 10-12 || total
-------------------------+-------+-------+-------+-------++-------
Melee: Dagger            |     9 |    25 |   140 |    52 ||   226
       Unarmed           |     1 |       |       |       ||     1
       Bite              |       |     4 |    23 |     7 ||    34
       Quarterstaff      |       |    12 |    14 |       ||    26
       Punch             |       |     1 |       |       ||     1
 Cast: Magic Dart        |    49 |    48 |    90 |    14 ||   201
       Searing Ray       |     2 |    11 |    36 |    15 ||    64
       Mephitic Cloud    |       |       |     6 |     6 ||    12
  Use: Scroll            |     1 |     8 |     4 |     1 ||    14
       Potion            |       |     1 |     7 |     1 ||     9
 Stab: Sleeping          |       |     2 |     1 |       ||     3
       Confused          |       |       |     2 |     3 ||     5
  Eat: Chunk             |     1 |     6 |     7 |     3 ||    17
       Ration            |       |       |     2 |       ||     2
Armor: Robe              |     9 |     6 |     5 |       ||    20
       Leather armour    |       |       |    26 |    10 ||    36
Dodge: Dodged            |    13 |    29 |    82 |    34 ||   158
Block: Other             |     3 |    10 |    22 |     9 ||    44
       Reflection        |     1 |       |     2 |       ||     3
